Map: Catalyst LE

Players

DnS

  • Race: Protoss Protoss
  • Spawn Location: 5:00

sOs - Winner!

  • Race: Protoss Protoss
  • Spawn Location: 11:00

Event: IEM Season 12 - PyeongChang

VOD

Have the link to the VOD?

Description

Time

  • Played on: Feb. 5, 2018, 12:46 a.m.
  • Length: 5:12

All games in this series

Show
View Real Time Build Order
Export as new Build Order

DnS Protoss 

Build Orders: Oracle Opening, Phoenix Opening 

Get SALT Encoding   

  12  0:00  Probe  
  13  0:12  Probe  
  14  0:17  Pylon  
  14  0:24  Probe (Chrono Boost)  
  15  0:36  Probe (Chrono Boost)  
  15  0:40  Gateway  
  16  0:44  Probe (Chrono Boost)  
  16  0:47  Assimilator  
  17  0:51  Probe (Chrono Boost)  
  17  0:55  Assimilator  
  18  1:03  Probe (Chrono Boost)  
  19  1:11  Probe (Chrono Boost)  
  20  1:14  Gateway  
  20  1:17  Probe  
  21  1:29  Probe, Cybernetics Core  
  22  1:37  Pylon  
  22  1:41  Probe  
  23  1:55  Probe  
  24  2:05  Stalker x2  
  28  2:20  Stargate  
  28  2:23  Pylon  
  28  2:30  Pylon  
  27  2:56  Nexus  
  27  3:06  Shield Battery  
  27  3:08  Oracle (Chrono Boost)  
  30  3:24  Probe  
  31  3:28  Stalker  
  31  3:33  Shield Battery  
  33  3:37  Stalker  
  35  3:45  Shield Battery  
  35  3:47  Phoenix (Chrono Boost)  
  35  3:54  Pylon  
  37  4:00  Shield Battery  
  37  4:11  Phoenix (Chrono Boost)  
  32  4:28  Phoenix (Chrono Boost)  
  32  4:43  Pylon  
  27  4:55  Probe  
  27  5:01  Pylon  
  27  5:04  Pylon  
Show
View Real Time Build Order
Export as new Build Order

sOs Protoss - Winner!

Build Orders:  

Get SALT Encoding   

  12  0:00  Probe  
  13  0:12  Probe  
  14  0:17  Pylon  
  14  0:24  Probe (Chrono Boost)  
  16  0:37  Probe (Chrono Boost)  
  16  0:39  Gateway  
  16  0:43  Probe (Chrono Boost)  
  16  0:46  Assimilator  
  17  0:51  Probe (Chrono Boost)  
  17  0:55  Assimilator  
  18  1:03  Probe (Chrono Boost)  
  19  1:10  Probe (Chrono Boost)  
  20  1:15  Gateway  
  20  1:17  Probe  
  21  1:26  Cybernetics Core  
  21  1:29  Probe  
  22  1:34  Pylon  
  22  1:41  Probe  
  23  1:53  Probe  
  24  1:59  Warp Gate (Chrono Boost)  
  24  2:04  Adept x2  
  24  2:06  Pylon  
  28  2:31  Stalker x2  
  32  3:00  Stalker  
  32  3:01  Stalker  
  36  3:23  Pylon  
  36  3:26  Nexus  
  36  3:31  Shield Battery  
  36  3:35  Robotics Facility  
  36  3:49  Stalker  
  36  3:50  Stalker  
  40  3:57  Probe  
  41  4:09  Probe  
  40  4:21  Probe  
  41  4:25  Stalker x2  
  45  4:36  Twilight Council, Observer  
  46  4:40  Probe  
  45  4:55  Stalker x2  
  45  4:57  Probe  

Tags
 
Add a new tag
Caveats
  • Supply blocks, unpowered buildings, or Contaminate may cause inaccurate times.
  • Supply counts are checked every 10 seconds.